 Dungeon Crawl Stone Soup version 0.26-a0-670-g578ab304f5 (webtiles) character file.

Game seed: 6359176252913014503

(classic levelgen) 40 EnegeticOcto the Digger (level 3, -8/21 HPs)
             Began as a Halfling Earth Elementalist on Oct 19, 2020.
             Mangled by Menkaure (12 damage)
             ... on level 4 of the Dungeon.
             The game lasted 00:04:20 (578 turns).

EnegeticOcto the Digger (HaEE)                       Turns: 578, Time: 00:04:20

Health: -8/21      AC:  6    Str:  9    XL:     3   Next: 72%
Magic:  2/5        EV: 13    Int: 14    God:
Gold:   12         SH:  0    Dex: 14    Spells: 4/5 levels left

rFire    . . .     SeeInvis .   f - +0 spear
rCold    . . .     Faith    .   (shield restricted)
rNeg     . . .     Spirit   .   k - +0 ring mail (curse)
rPois    .         Reflect  .   (no helmet)
rElec    .         Harm     .   (no cloak)
rCorr    .         Rampage  .   (no gloves)
MR       .....                  i - +0 pair of boots (curse)
Stlth    +.........             (no amulet)
HPRegen  0.07/turn              (no ring)
MPRegen  0.09/turn              (no ring)

@: no status effects
A: small, mutation resistance 1
a: no special abilities


You were on level 4 of the Dungeon.
You visited 1 branch of the dungeon, and saw 4 of its levels.

You collected 12 gold pieces.

Inventory:

Hand Weapons
 e - a +0 falchion
 f - a +0 spear (weapon)
Missiles
 a - 32 poisoned darts (quivered)
 b - 66 stones
Armour
 c - a +0 robe
 i - a cursed +0 pair of boots (worn)
 k - a cursed +0 ring mail (worn)
Scrolls
 d - a scroll of teleportation {@r3 !r}
 g - a scroll of amnesia
 j - a scroll of enchant weapon


   Skills:
 - Level 2.1 Dodging
 - Level 2.1 Stealth
 - Level 1.5 Spellcasting
   Level 0.5 Transmutations
 + Level 4.4 Earth Magic


You had 4 spell levels left.
You knew the following spells:

 Your Spells              Type           Power        Failure   Level
a - Sandblast             Erth           ##....       11%         1

Your spell library contained the following spells:

 Spells                   Type           Power        Failure   Level
 Passwall                 Tmut/Erth      #.......     36%         2
 Stone Arrow              Conj/Erth      #.....       63%         3
 Petrify                  Tmut/Erth      #.......     94%         4
 Lee's Rapid Deconstruct  Erth           ##........   97%         5


Dungeon Overview and Level Annotations

Branches:
Dungeon (4/15)
 Temple: D:4-7

Altars:
Elyvilon
Okawaru

Annotations:
D:4 Menkaure


Innate Abilities, Weirdness & Mutations

You are small and have problems with some larger weapons.
You are somewhat resistant to further mutation.


Message History

You closely miss the kobold. The kobold hits you.
You hit the kobold.
You kill the kobold!
No target in view!
No target in view!
h - a scroll labeled CIH EBRACWOTUOTH You see here a hobgoblin corpse.
(D) Dungeon
Where to? (Enter - D:2, ? - help)
There is a stone staircase leading down here.
You climb downwards.
There is a stone staircase leading up here.
As you read the scroll labeled CIH EBRACWOTUOTH, it crumbles to dust.
You feel aware of your surroundings.
It was a scroll of magic mapping.
Unknown command.
Found a stone staircase leading down.
There is a stone staircase leading down here.
You climb downwards.
You hear the sound of rushing water.
There is an entrance to a sewer on this level.
Hurry and find it before the portal rusts away!
A leopard gecko skeleton comes into view.
Found 15 poisoned darts.
There is a stone staircase leading up here.
Casting: Sandblast (safe; 12% risk of failure)
Confirm with . or Enter, or press ? or * to list all spells.
Aiming: Sandblast (safe; 12% risk of failure)
Press: ? - help, Shift-Dir - straight line, f - leopard gecko skeleton
Aim: a leopard gecko skeleton The blast of sand hits the leopard gecko skeleton.
The leopard gecko skeleton is severely damaged.
b - 71 stones
Casting: Sandblast (safe; 12% risk of failure)
Confirm with . or Enter, or press ? or * to list all spells.
Aiming: Sandblast (safe; 12% risk of failure)
Press: ? - help, Shift-Dir - straight line, f/p - leopard gecko skeleton
Aim: a leopard gecko skeleton (severely damaged)
The blast of sand misses the leopard gecko skeleton.
b - 70 stones The leopard gecko skeleton bites you but does no damage.
Casting: Sandblast (safe; 12% risk of failure)
Confirm with . or Enter, or press ? or * to list all spells.
Aiming: Sandblast (safe; 12% risk of failure)
Press: ? - help, Shift-Dir - straight line, f/p - leopard gecko skeleton
Aim: a leopard gecko skeleton (severely damaged)
The blast of sand hits the leopard gecko skeleton!
You destroy the leopard gecko skeleton!
b - 69 stones
a - 32 poisoned darts (gained 15)
Found a scroll labeled XEVVUO RISEHI.
h - a scroll labeled XEVVUO RISEHI
As you read the scroll labeled XEVVUO RISEHI, it crumbles to dust.
The air around you briefly surges with heat, but it dissipates.
It was a scroll of immolation.
An adder skeleton comes into view.
Menkaure, Prince of Dust comes into view.
You reach to attack!
You hit the adder skeleton.
The adder skeleton is moderately damaged.
The adder skeleton misses you.
You closely miss the adder skeleton.
The adder skeleton is moderately damaged.
The adder skeleton misses you.
You hit the adder skeleton.
The adder skeleton is severely damaged.
The adder skeleton closely misses you.
You hit the adder skeleton but do no damage.
The adder skeleton is severely damaged.
The adder skeleton closely misses you.
You hit the adder skeleton.
You destroy the adder skeleton!
Casting: Sandblast (safe; 11% risk of failure)
Confirm with . or Enter, or press ? or * to list all spells.
Aiming: Sandblast (safe; 11% risk of failure)
Press: ? - help, Shift-Dir - straight line, f - Menkaure
Aim: Menkaure The blast of sand hits Menkaure.
Menkaure is lightly damaged.
b - 68 stones Menkaure completely misses you.
Casting: Sandblast (safe; 11% risk of failure)
Confirm with . or Enter, or press ? or * to list all spells.
Aiming: Sandblast (safe; 11% risk of failure)
Press: ? - help, Shift-Dir - straight line, f/p - Menkaure
Aim: Menkaure (lightly damaged)
The blast of sand hits Menkaure.
Menkaure is moderately damaged.
b - 67 stones Menkaure hits you!!
Ouch! That really hurt!
* * * LOW HITPOINT WARNING * * *
Casting: Sandblast (safe; 11% risk of failure)
Confirm with . or Enter, or press ? or * to list all spells.
Aiming: Sandblast (safe; 11% risk of failure)
Press: ? - help, Shift-Dir - straight line, f/p - Menkaure
Aim: Menkaure (moderately damaged)
The blast of sand hits Menkaure.
Menkaure is heavily damaged.
b - 66 stones Menkaure hits you!
Ouch! That really hurt!
You die...

##...## #...#
##.## #######.#
. #####.......#
. #........####
.#
.##.#....#.###.#
##..........
#..@..#.#.
#.##M..#
#.####.## #.#
#.# ## ... .....
#..M..# #.....#
#.....#


You could see Menkaure.

Vanquished Creatures
  An adder (D:2)
  An adder skeleton (D:4)
  A dart slug (D:2)
  A leopard gecko (D:2)
  A ball python (D:2)
  3 bats
  A giant cockroach (D:1)
  3 goblins (D:2)
  4 hobgoblins
  2 frilled lizards (D:2)
  4 kobolds
  A leopard gecko skeleton (D:4)
  3 rats (D:2)
26 creatures vanquished.

Vanquished Creatures (others)
  A quokka (D:2)
  A bat (D:2)
2 creatures vanquished.

Grand Total: 28 creatures vanquished

Notes
Turn   | Place    | Note
-------+----------+-------------------------------------------
     0 | D:1      | EnegeticOcto the Halfling Earth Elementalist began the
                  | quest for the Orb.
     0 | D:1      | Reached XP level 1. HP: 11/11 MP: 3/3
    16 | D:2      | Found an iron altar of Okawaru.
    88 | D:1      | Reached XP level 2. HP: 14/17 MP: 4/4
   225 | D:2      | Reached skill level 4 in Earth Magic
   225 | D:2      | Reached XP level 3. HP: 6/21 MP: 1/5
   407 | D:2      | Found a white marble altar of Elyvilon.
   568 | D:4      | Noticed Menkaure
   578 | D:4      | Mangled by Menkaure

Illustrated notes

Levels and vault maps discovered:
D:1:      dpeg_arrival_water_fire, layout_basic, lemuel_another_geyser
D:2:      layout_basic, okawaru_ov_weapons_minmay, elyvilon_altar_4
D:3:      layout_basic, uniq_ijyb
D:4:      layout_loops_cross, kennysheep_little_box, portal_sewer_entry_b,
          uniq_menkaure, uniq_natasha, uniq_pikel, uniq_sigmund

Skill      XL: |  1  2 |
---------------+-------+-----
Earth Magic    | 4 |  4.4
Dodging        | |  2.1
Stealth        | |  2.1
Spellcasting   | |  1.5
Transmutations | |  0.5

Action                   || total
-------------------------++-------
Melee: Spear             ||    74
       Unarmed           ||     2
Throw: Dart              ||    16
 Cast: Sandblast         ||    15
  Use: Scroll            ||     6
 Stab: Sleeping          ||     2
Armor: Robe              ||    19
       Ring mail         ||     8
Dodge: Dodged            ||    53

Table legend: (Time is in decaauts)
 A = Elapsed time spent in this place.
 B = Non-inter-level travel time spent in this place.
 C = Inter-level travel time spent in this place.
 D = Time resting spent in this place.
 E = Time spent auto-exploring this place.
 F = Levels seen in this place.
 G = Mean time per level.
                   A        B        C        D        E       F      G
               +--------+--------+--------+--------+--------+-----+--------+
         Total |    585 |    567 |     18 |      0 |      0 |   4 |  146.2 |
       Dungeon |    585 |    567 |     18 |      0 |      0 |   4 |  146.2 |
               +--------+--------+--------+--------+--------+-----+--------+

Top non-repeatable levels by time:
     D:2: 374 daAuts
     D:1: 142 daAuts
     D:4: 38 daAuts
     D:3: 30 daAuts
